[Event "42nd Olympiad Baku 2016 Women"]
[Site "Baku"]
[Date "2016.09.04"]
[Round "3.6"]
[White "Adhikari, Ashmita"]
[Black "Thobile Mthethwa"]
[Result "1-0"]
[ECO "C01"]
[WhiteElo "1632"]
[BlackElo "1392"]
[Annotator ""]
[PlyCount "87"]
[EventDate "2016.??.??"]
[EventCountry "AZE"]
[SourceTitle "playchess.com"]
[Source "ChessBase"]
[WhiteTeam "NEP"]
[BlackTeam "SWZ"]
[WhiteTeamCountry "NEP"]
[TimeControl "40/5400+30:1800+30"]

1. e4 {(00:00)} e6 {(00:00)} 2. d4 {(00:00)} d5 {(
00:07)} 3. exd5 {(00:03)} exd5 {(00:47)} 4. Bd3 {(00:45)}
Nc6 {(01:07)} 5. Ne2 {(01:30)} Nf6 {(01:07)} 6. O-O {
(01:33)} Bd6 {(04:31)} 7. Be3 {(05:12)} O-O {(01:
49)} 8. Nd2 {(01:41)} Bg4 {(05:58)} 9. h3 {(02:03)} Bh5 {
(04:51)} 10. c3 {(05:28)} Ne7 {(04:54)} 11. f4 {(
01:55)} Qd7 {(10:01)} 12. Nf3 {(05:52)} h6 {(06:07)} 13.
Qd2 {(11:11)} Rfe8 {(05:05)} 14. Ne5 {(03:16)} Ne4 {
(06:20)} 15. Nxd7 {(04:51)} Nxd2 {(00:15)} 16. Bxd2 {
(00:36)} Bxe2 {(00:39)} 17. Bxe2 {(01:39)} Nf5 {(
03:07)} 18. Bf3 {(04:55)} c6 {(02:22)} 19. Ne5 {(02:30)}
Bc7 {(05:55)} 20. Rfe1 {(04:23)} f6 {(07:37)} 21. Nd3 {
(01:16)} Nd6 {(03:52)} 22. Bh5 {(03:35)} Re4 {(01:
00)} 23. Nc5 {(01:44)} Rxe1+ {(04:44)} 24. Rxe1 {(00:33)}
Kh7 {(01:47)} 25. Re7 {(02:36)} Nf5 {(04:17)} 26. Rxc7 {
(01:26)} Ng3 {(01:28)} 27. Bg4 {(01:18)} f5 {(01:
26)} 28. Bf3 {(00:57)} Kg6 {(05:39)} 29. Ne6 {(01:06)} Kf6
{(02:36)} 30. Nxg7 {(00:44)} b5 {(00:21)} 31. Nh5+ {
(00:25)} Nxh5 {(01:18)} 32. Bxh5 {(00:06)} Rf8 {(
01:01)} 33. Rxc6+ {(00:19)} Ke7 {(01:17)} 34. Rc7+ {(00:
26)} Kd6 {(00:39)} 35. Rxa7 {(00:18)} Rc8 {(00:59)} 36.
Ra6+ {(00:27)} Rc6 {(00:15)} 37. Rxc6+ {(00:05)} Kxc6 {
(00:13)} 38. Bg6 {(00:07)} Kb6 {(01:24)} 39. Bxf5 {
(00:06)} h5 {(00:14)} 40. Bg6 {(00:00)} h4 {(00:00]
} 41. f5 {(00:15)} Kc7 {(00:30)} 42. Bg5 {(00:15)} Kd6 {
(00:33)} 43. f6 {(00:10)} b4 {(04:58)} 44. f7 {(00:
42)} 1-0

[Event "42nd Olympiad Baku 2016 Women"]
[Site "Baku"]
[Date "2016.09.04"]
[Round "3.10"]
[White "Alboredo, Julia"]
[Black "Rania, Sbai"]
[Result "1-0"]
[ECO "C78"]
[WhiteElo "2135"]
[BlackElo "1907"]
[Annotator ""]
[PlyCount "61"]
[EventDate "2016.??.??"]
[EventCountry "AZE"]
[SourceTitle "playchess.com"]
[Source "ChessBase"]
[WhiteTeam "Brazil"]
[BlackTeam "Morocco"]
[WhiteTeamCountry "BRA"]
[BlackTeamCountry "MAR"]
[TimeControl "40/5400+30:1800+30"]

1. e4 {(00:00)} e5 {(00:00)} 2. Nf3 {(00:00)} Nc6 {
(00:00)} 3. Bb5 {(00:00)} a6 {(00:00)} 4. Ba4 {(00:
09)} Nf6 {(00:09)} 5. O-O {(00:15)} b5 {(00:42)} 6. Bb3 {
(00:07)} Be7 {(00:47)} 7. d3 {(00:27)} d6 {(00:20)}
8. c3 {(00:24)} Na5 {(00:28)} 9. Bc2 {(00:45)} c5 {
(00:34)} 10. h3 {(00:57)} O-O {(00:12)} 11. Re1 {(
00:28)} Re8 {(01:42)} 12. Nbd2 {(00:28)} Bf8 {(00:39)} 13.
Nf1 {(01:28)} h6 {(00:23)} 14. Ng3 {(02:17)} g6 {(
00:29)} 15. a4 {(04:19)} b4 {(14:28)} 16. cxb4 {(03:03)}
cxb4 {(00:07)} 17. d4 {(00:18)} Qc7 {(03:15)} 18. b3 {
(07:21)} Nc6 {(04:41)} 19. d5 {(04:46)} Nb8 {(02:
47)} 20. a5 {(03:20)} Nbd7 {(00:48)} 21. Be3 {(04:35)} Nc5
{(05:17)} 22. Nd2 {(03:56)} Bd7 {(01:59)} 23. Nc4 {
(00:18)} Bb5 {(00:19)} 24. Nb6 {(02:14)} Rab8 {(00:
13)} 25. Qd2 {(01:05)} Nfd7 {(00:38)} 26. Nxd7 {(05:46)}
Bxd7 {(05:48)} 27. Bxh6 {(07:55)} Rb5 {(04:30)} 28. Bxf8 {
(07:41)} Rxf8 {(00:08)} 29. Qh6 {(00:39)} Qd8 {(01:
51)} 30. Bd1 {(06:34)} Qf6 {(11:46)} 31. Nh5 1-0

[Event "42nd Olympiad Baku 2016 Women"]
[Site "Baku"]
[Date "2016.09.04"]
[Round "3.18"]
[White "Albzoor, Anwar"]
[Black "Hoshino, Karen"]
[Result "0-1"]
[ECO "A13"]
[WhiteElo "1570"]
[BlackElo "1802"]
[Annotator ""]
[PlyCount "92"]
[EventDate "2016.??.??"]
[EventCountry "AZE"]
[SourceTitle "playchess.com"]
[Source "ChessBase"]
[WhiteTeam "Palestine"]
[BlackTeam "Japan"]
[WhiteTeamCountry "PLE"]
[BlackTeamCountry "JPN"]
[TimeControl "40/5400+30:1800+30"]

1. c4 {(00:00)} e6 {(00:00)} 2. Nc3 {(00:00)} f5 {(
00:00)} 3. g3 {(00:19)} Nf6 {(00:09)} 4. Bg2 {(00:13)} d5
{(00:24)} 5. cxd5 {(01:06)} exd5 {(01:04)} 6. d4 {(
00:27)} c6 {(00:53)} 7. Nf3 {(01:45)} Bd6 {(00:55)} 8. e3
{(02:04)} O-O {(01:50)} 9. O-O {(01:30)} Qe7 {(01:
48)} 10. Bd2 {(08:26)} Ne4 {(03:21)} 11. a3 {(06:13)} Kh8
{(09:09)} 12. b4 {(09:33)} g5 {(07:03)} 13. h4 {(
13:03)} gxh4 {(06:31)} 14. Nxh4 {(04:55)} Nxd2 {(07:22)}
15. Qxd2 {(01:27)} f4 {(06:11)} 16. exf4 {(15:28)} Bxf4 {
(01:06)} 17. Qe2 {(03:19)} Qf6 {(09:03)} 18. Qh5 {(
06:38)} Bd6 {(05:23)} 19. Nf3 {(06:38)} Rg8 {(04:12)} 20.
Rae1 {(02:30)} Bg4 {(03:25)} 21. Qh4 {(01:57)} Qxh4 {
(02:48)} 22. Nxh4 {(00:07)} Nd7 {(01:05)} 23. Nf3 {
(04:06)} Rge8 {(04:15)} 24. Ng5 {(02:25)} Kg7 {(02:
23)} 25. f4 {(02:37)} h6 {(02:21)} 26. Nf3 {(00:26)} Bf5 {
(01:27)} 27. Ne5 {(01:55)} Nf6 {(03:48)} 28. Re2 {(
01:24)} a5 {(01:17)} 29. Rb2 {(02:12)} axb4 {(01:23)} 30.
axb4 {(00:10)} Ra3 {(01:56)} 31. Ne2 {(01:19)} Ng4 {
(01:18)} 32. Rf3 {(00:55)} Ra1+ {(01:40)} 33. Bf1 {
(00:38)} Bxe5 {(02:15)} 34. fxe5 Be4 {(01:01)} 35. Rfb3 {
(01:12)} Rea8 {(01:53)} 36. Nf4 {(00:21)} Rd1 {(03:
18)} 37. Ne6+ {(00:38)} Kf7 {(00:29)} 38. Nc5 {(00:11)}
Raa1 {(00:23)} 39. e6+ {(00:50)} Ke7 {(00:43)} 40. Nxe4 {
(00:00)} Rxf1+ {(00:00)} 41. Kg2 {(00:33)} dxe4 {(
01:12)} 42. Re2 {(01:12)} e3 {(08:08)} 43. Kh3 {(03:58)}
h5 {(02:46)} 44. Kh4 {(00:57)} Rf5 {(00:25)} 45. Kh3 {
(00:54)} Rh1+ {(00:20)} 46. Kg2 {(00:09)} Rh2+ {(
00:11)} 0-1

[Event "42nd Olympiad Baku 2016 Women"]
[Site "Baku"]
[Date "2016.09.04"]
[Round "3.17"]
[White "Al-khelaifi, Aisha"]
[Black "Rodriguez Arrieta, Maria Elena"]
[Result "0-1"]
[ECO "C29"]
[WhiteElo "1685"]
[BlackElo "1903"]
[Annotator ""]
[PlyCount "102"]
[EventDate "2016.??.??"]
[EventCountry "AZE"]
[SourceTitle "playchess.com"]
[Source "ChessBase"]
[WhiteTeam "Qatar"]
[BlackTeam "Costa Rica"]
[WhiteTeamCountry "QAT"]
[BlackTeamCountry "CRI"]
[TimeControl "40/5400+30:1800+30"]

1. e4 {(00:03)} e5 {(00:08)} 2. Nc3 {(00:00)} Nf6 {
(00:36)} 3. f4 {(00:38)} d5 {(01:21)} 4. fxe5 {(01:
16)} Nxe4 {(00:21)} 5. Qf3 {(00:48)} Nxc3 {(07:08)} 6.
bxc3 {(00:09)} Be7 {(02:06)} 7. d4 {(00:45)} O-O {(
02:23)} 8. Bd3 {(01:49)} c5 {(06:47)} 9. Qh5 {(04:48)} g6
{(00:27)} 10. Qh6 {(01:10)} cxd4 {(00:41)} 11. cxd4 {
(01:04)} Bb4+ {(06:24)} 12. Bd2 {(02:14)} Qa5 {(04:
20)} 13. Nf3 {(04:54)} Bxd2+ {(06:27)} 14. Nxd2 {(07:35)}
Qc3 {(02:00)} 15. O-O {(06:37)} Qxd4+ {(00:27)} 16. Kh1 {
(00:04)} Qxe5 {(01:03)} 17. Nf3 {(01:27)} Qg7 {(00:
47)} 18. Qh4 {(03:03)} Nc6 {(01:35)} 19. Rae1 {(01:58)}
Be6 {(06:47)} 20. Ng5 {(05:54)} Rae8 {(01:15)} 21. Rf6 {
(06:30)} Bd7 {(09:08)} 22. Ref1 {(10:53)} Be6 {(14:
12)} 23. Qg3 {(17:08)} h6 {(12:15)} 24. Nxe6 {(11:30)}
Rxe6 {(00:18)} 25. Rxe6 {(00:31)} fxe6 {(00:05)} 26. Rxf8+
{(01:00)} Kxf8 {(01:10)} 27. h3 {(03:09)} Ne5 {(04:
47)} 28. Qf2+ {(01:00)} Qf7 {(03:05)} 29. Qxa7 {(04:37)}
Nxd3 {(00:30)} 30. cxd3 {(00:30)} Kg7 {(03:55)} 31. Kg1 {
(01:01)} e5 {(00:55)} 32. Qe3 {(00:59)} Qe7 {(00:
55)} 33. Qe2 {(00:50)} Qc5+ {(00:24)} 34. Kf1 {(00:16)}
Qc1+ {(00:41)} 35. Kf2 {(00:01)} Qf4+ {(00:07)} 36. Kg1 {
(00:44)} Qd4+ {(00:51)} 37. Kf1 {(00:21)} h5 {(00:
39)} 38. Qc2 {(00:32)} Kh6 {(00:47)} 39. Qd2+ {(00:41)}
Qf4+ {(00:32)} 40. Qxf4+ {(00:00)} exf4 {(00:00)} 41. Kf2
{(00:44)} g5 {(00:50)} 42. Kf3 {(01:22)} Kg6 {(00:
10)} 43. h4 {(01:23)} Kf5 {(00:14)} 44. hxg5 {(01:45)}
Kxg5 {(00:06)} 45. a4 {(00:11)} h4 {(00:44)} 46. a5 {
(01:12)} Kf5 {(00:06)} 47. Ke2 {(01:43)} Kg4 {(00:
18)} 48. d4 {(06:36)} Kg3 {(00:11)} 49. Kf1 {(00:05)} f3 {
(00:12)} 50. Kg1 {(01:21)} fxg2 {(00:11)} 51. a6 {(
00:38)} h3 {(00:05)} 0-1

[Event "42nd Olympiad Baku 2016 Women"]
[Site "Baku"]
[Date "2016.09.04"]
[Round "3.19"]
[White "Al-Khelaifi, Kholoud"]
[Black "Ramirez Gonzalez, Maria Jose"]
[Result "0-1"]
[ECO "D35"]
[WhiteElo "1492"]
[BlackElo "1859"]
[Annotator ""]
[PlyCount "52"]
[EventDate "2016.??.??"]
[EventCountry "AZE"]
[SourceTitle "playchess.com"]
[Source "ChessBase"]
[WhiteTeam "Qatar"]
[BlackTeam "Costa Rica"]
[WhiteTeamCountry "QAT"]
[BlackTeamCountry "CRI"]
[TimeControl "40/5400+30:1800+30"]

1. d4 {(00:00)} d5 {(00:00)} 2. c4 {(00:00)} e6 3. Nc3 {
(00:00)} Nf6 {(00:00)} 4. cxd5 {(00:26)} exd5 {(00:
02)} 5. Bg5 {(00:25)} c6 {(00:56)} 6. e3 {(00:37)} Bf5 {
(00:50)} 7. Nf3 {(03:01)} h6 {(02:43)} 8. Bf4 {(00:
27)} Nbd7 {(04:00)} 9. Bd3 {(02:29)} Bxd3 {(01:29)} 10.
Qxd3 {(00:51)} Be7 {(01:23)} 11. O-O {(02:26)} O-O {
(01:13)} 12. h3 {(03:49)} Nb6 {(00:55)} 13. Ne5 {(
03:15)} Re8 {(03:51)} 14. Rfe1 {(04:26)} Bd6 {(02:34)} 15.
b3 {(21:46)} Qc7 {(13:17)} 16. Rac1 {(08:27)} a6 {(
05:53)} 17. e4 {(15:48)} Rad8 {(16:31)} 18. Qf3 {(13:24)}
dxe4 {(13:25)} 19. Nxe4 {(00:49)} Nxe4 {(00:41)} 20. Rxe4
{(00:14)} Nd5 {(07:36)} 21. Bg3 {(07:06)} f6 {(08:
21)} 22. Nc4 {(02:25)} Bxg3 {(03:11)} 23. Rxe8+ {(00:38)}
Rxe8 {(00:02)} 24. fxg3 {(00:09)} Qe7 {(01:46)} 25. Kf1 {
(01:33)} Qe6 {(05:25)} 26. Rc2 {(03:32)} Qe1# {(00:
19)} 0-1

[Event "42nd Olympiad Baku 2016 Women"]
[Site "Baku"]
[Date "2016.09.04"]
[Round "3.4"]
[White "Allahverdiyeva, Ayan"]
[Black "Zairbek kyzy, Begimay"]
[Result "1-0"]
[ECO "B12"]
[WhiteElo "1780"]
[BlackElo "1836"]
[Annotator ""]
[PlyCount "83"]
[EventDate "2016.??.??"]
[EventCountry "AZE"]
[SourceTitle "playchess.com"]
[Source "ChessBase"]
[WhiteTeam "Azerbaijan"]
[BlackTeam "Kyrgyzstan"]
[WhiteTeamCountry "AZE"]
[BlackTeamCountry "KGZ"]
[TimeControl "40/5400+30:1800+30"]

1. e4 {(00:00)} c6 {(00:23)} 2. d4 {(00:00)} d5 {(
00:24)} 3. e5 {(00:01)} c5 {(00:42)} 4. dxc5 {(00:17)} Nc6
{(03:09)} 5. Bb5 {(00:17)} e6 {(01:04)} 6. Be3 {(
00:35)} Nge7 {(01:36)} 7. b4 {(01:23)} Bd7 {(00:35)} 8. c3
{(02:48)} Nxe5 {(02:27)} 9. Bxd7+ {(00:21)} Qxd7 {(
01:17)} 10. Nf3 {(02:40)} Nc4 {(09:53)} 11. O-O {(04:06)}
Nf5 {(01:14)} 12. Bf4 {(06:11)} Be7 {(07:45)} 13. Nbd2 {
(07:45)} b5 {(04:42)} 14. Nxc4 {(09:24)} bxc4 {(01:
22)} 15. Ne5 {(00:28)} Qc8 {(01:22)} 16. Qa4+ {(00:38)}
Kf8 {(00:34)} 17. Nd7+ {(08:28)} Kg8 {(01:24)} 18. Rfe1 {
(11:46)} h5 {(03:43)} 19. Re5 {(09:21)} Bd8 {(02:
02)} 20. Rae1 {(13:56)} Bc7 {(15:33)} 21. Rxe6 {(00:13)}
Kh7 {(17:53)} 22. Bxc7 {(05:14)} fxe6 {(00:44)} 23. Qc6 {
(00:14)} Rd8 {(02:45)} 24. Ne5 {(01:08)} Ne7 {(00:
51)} 25. Qxa8 {(01:08)} Qxa8 {(02:09)} 26. Bxd8 {(00:04)}
Qxd8 {(00:18)} 27. Nf7 {(00:04)} Qe8 {(02:35)} 28. Ng5+ {
(00:14)} Kh6 {(00:20)} 29. h4 {(00:42)} Qf8 {(02:
10)} 30. Rxe6+ {(00:29)} Ng6 {(02:29)} 31. c6 {(02:06)}
Qf4 {(03:12)} 32. g3 {(00:24)} Qc7 {(02:22)} 33. f4 {
(00:49)} Qc8 {(03:49)} 34. f5 {(08:14)} Qxe6 {(00:
46)} 35. Nxe6 {(00:46)} Ne7 {(00:12)} 36. c7 {(00:47)} Kh7
{(00:52)} 37. Nf4 {(01:03)} Kg8 {(00:23)} 38. Nxd5 {
(00:08)} Nc8 {(00:19)} 39. Kf2 {(00:37)} Kf8 {(00:
19)} 40. Ke3 {(00:00)} Ke8 {(00:00)} 41. f6 {(06:24)} gxf6
{(02:23)} 42. Nxf6+ {(00:03)} 1-0

[Event "42nd Olympiad Baku 2016 Women"]
[Site "Baku"]
[Date "2016.09.04"]
[Round "3.3"]
[White "Al-Mahmoud, Rola"]
[Black "Fernandez Alacha, Mirna Graciela"]
[Result "1/2-1/2"]
[ECO "C68"]
[WhiteElo "1684"]
[BlackElo "1528"]
[Annotator ""]
[PlyCount "83"]
[EventDate "2016.??.??"]
[EventCountry "AZE"]
[SourceTitle "playchess.com"]
[Source "ChessBase"]
[WhiteTeam "Syria"]
[BlackTeam "Honduras"]
[WhiteTeamCountry "SYR"]
[BlackTeamCountry "HON"]
[TimeControl "40/5400+30:1800+30"]

1. e4 {(00:00)} e5 {(00:00)} 2. Nf3 {(00:06)} Nc6 {
(00:00)} 3. Bb5 {(02:29)} a6 {(00:16)} 4. Bxc6 {(
00:07)} dxc6 {(00:32)} 5. d3 {(00:43)} Bd6 {(00:59)} 6.
O-O {(03:53)} Nf6 {(05:46)} 7. Re1 {(10:41)} O-O {(
01:20)} 8. h3 {(12:53)} c5 {(05:54)} 9. Nc3 {(04:04)} h6 {
(05:55)} 10. a4 {(03:20)} Re8 {(03:30)} 11. Be3 {(
06:34)} Be6 {(15:22)} 12. a5 {(10:10)} Qd7 {(08:24)} 13.
Na4 {(06:34)} Qe7 {(11:24)} 14. c4 {(11:12)} Rab8 {
(06:11)} 15. b4 {(02:23)} Nd7 {(13:07)} 16. b5 {(
05:07)} axb5 {(01:35)} 17. cxb5 {(00:31)} c4 {(04:02)} 18.
a6 {(11:46)} bxa6 {(03:35)} 19. bxa6 {(00:20)} cxd3 {
(02:24)} 20. Qxd3 {(00:20)} Rb3 {(03:34)} 21. Qc2 {
(01:07)} Ra8 {(00:56)} 22. Nd2 {(02:00)} Rbb8 {(01:
23)} 23. a7 {(00:27)} Rc8 {(01:14)} 24. Reb1 {(01:31)} Nb6
{(01:32)} 25. Nc5 {(02:02)} f5 {(02:12)} 26. Nxe6 {
(00:28)} Qxe6 {(00:08)} 27. exf5 {(00:11)} Qd7 {(
01:04)} 28. Bxb6 {(01:32)} cxb6 {(00:24)} 29. Qa2+ {(00:
11)} Kh8 {(00:14)} 30. Rxb6 {(00:08)} Bc5 {(01:04)} 31.
Ra6 {(01:17)} Rc7 {(00:52)} 32. Nf3 {(00:56)} Bd4 {
(00:33)} 33. Qe6 {(00:41)} Qxe6 {(00:25)} 34. fxe6 {
(00:17)} Bxa1 {(00:09)} 35. Rxa1 {(00:06)} Rcxa7 {(
00:03)} 36. Rxa7 {(00:27)} Rxa7 {(00:02)} 37. Nxe5 {(00:
08)} Kg8 {(01:00)} 38. f4 {(00:34)} Ra6 {(01:12)} 39. f5 {
(00:19)} Ra5 {(00:40)} 40. Ng6 {(00:00)} Ra8 {(00:
00)} 41. g4 {(03:08)} Ra2 {(05:29)} 42. Nf4 {(07:39)}
1/2-1/2

[Event "42nd Olympiad Baku 2016 Women"]
[Site "Baku"]
[Date "2016.09.04"]
[Round "3.8"]
[White "Almanzar Vasquez, Jennifer Maria"]
[Black "Stoeri, Laura"]
[Result "0-1"]
[ECO "C47"]
[WhiteElo "1768"]
[BlackElo "2084"]
[Annotator ""]
[PlyCount "124"]
[EventDate "2016.??.??"]
[EventCountry "AZE"]
[SourceTitle "playchess.com"]
[Source "ChessBase"]
[WhiteTeam "Dominican Republic"]
[BlackTeam "Switzerland"]
[WhiteTeamCountry "DOM"]
[BlackTeamCountry "SUI"]
[TimeControl "40/5400+30:1800+30"]

1. e4 {(00:00)} e5 {(00:00)} 2. Nf3 {(00:00)} Nc6 {
(00:00)} 3. Nc3 {(00:26)} Nf6 {(01:59)} 4. Bc4 {(
04:10)} Be7 {(00:55)} 5. O-O {(00:14)} d6 {(00:33)} 6. d3
{(00:39)} O-O {(01:57)} 7. a3 {(01:02)} Kh8 {(00:
23)} 8. h3 {(00:31)} Ng8 {(01:28)} 9. Nd5 {(03:07)} f5 {
(03:03)} 10. Nxe7 {(06:34)} Qxe7 {(00:13)} 11. exf5 {
(02:23)} Bxf5 {(01:16)} 12. Bg5 {(00:34)} Qd7 {(06:
51)} 13. Nh4 {(03:35)} Be6 {(20:31)} 14. Qh5 {(09:07)} Bf7
{(02:59)} 15. Bxf7 {(00:09)} Qxf7 {(00:08)} 16. Qxf7 {
(00:35)} Rxf7 {(00:06)} 17. Be3 {(01:22)} Nge7 {(
00:50)} 18. Rad1 {(04:58)} Nd5 {(13:19)} 19. Bd2 {(02:09)}
Raf8 {(06:29)} 20. Nf3 {(01:43)} h6 {(02:51)} 21. b4 {
(02:13)} Nf4 {(03:59)} 22. Be3 {(03:05)} Nxh3+ {(
13:22)} 23. Kh2 {(03:10)} Nf4 {(00:02)} 24. c4 {(04:06)}
Ne6 {(08:02)} 25. b5 {(09:44)} Ncd4 {(01:30)} 26. Bxd4 {
(02:28)} exd4 {(04:00)} 27. Rfe1 {(01:39)} Nc5 {(
00:15)} 28. Re2 {(03:59)} Rf4 {(03:26)} 29. Kg1 {(02:26)}
R8f7 {(02:13)} 30. Ne1 {(01:35)} Kh7 {(00:17)} 31. Nc2 {
(00:16)} Na4 {(00:46)} 32. Rf1 {(02:29)} Nc5 {(00:
19)} 33. Rd1 {(00:08)} Na4 {(00:02)} 34. Rf1 {(00:04)} c5
{(01:15)} 35. bxc6 {(00:53)} bxc6 {(00:01)} 36. Re6 {
(00:25)} Rd7 {(01:08)} 37. Rb1 {(05:27)} Nc5 {(00:
35)} 38. Re2 {(00:37)} Nxd3 {(00:20)} 39. Rd2 {(00:00)}
Ne5 {(00:30)} 40. Nxd4 {(00:00)} Nxc4 {(00:00)} 41. Rd3 {
(02:27)} Ne5 {(06:12)} 42. Rd2 {(00:47)} c5 {(01:
32)} 43. Ne6 {(00:37)} Rf6 {(00:28)} 44. Nxc5 {(02:02)}
dxc5 {(00:04)} 45. Rxd7 {(00:11)} Nxd7 {(00:03)} 46. Rb7 {
(00:03)} Rd6 {(06:52)} 47. Rxa7 {(00:55)} Rd1+ {(
00:03)} 48. Kh2 {(00:07)} c4 {(00:14)} 49. Rc7 {(00:13)}
Nb6 {(04:59)} 50. a4 {(00:27)} Rd7 {(01:08)} 51. Rc6 {
(00:28)} Nxa4 {(00:04)} 52. Rxc4 {(00:02)} Nb6 {(
00:10)} 53. Rc6 {(01:12)} Nd5 {(00:10)} 54. Kh3 {(00:41)}
Nf6 {(00:25)} 55. Re6 {(00:46)} Rd3+ {(00:26)} 56. g3 {
(01:17)} Kg6 {(00:40)} 57. Re5 {(00:50)} Rd2 {(01:
12)} 58. f3 {(01:45)} Nh7 {(02:39)} 59. Rb5 {(01:08)} Ng5+
{(03:27)} 60. Kg4 {(01:39)} Re2 {(00:58)} 61. f4 {(
00:53)} h5+ {(00:12)} 62. Kh4 {(00:18)} Rh2# {(00:04)} 0-1

[Event "42nd Olympiad Baku 2016 Women"]
[Site "Baku"]
[Date "2016.09.04"]
[Round "3.9"]
[White "Almeraj, Etedal"]
[Black "Leboela, Maboloko"]
[Result "0-1"]
[ECO "C50"]
[WhiteElo "1072"]
[BlackElo "1406"]
[Annotator ""]
[PlyCount "40"]
[EventDate "2016.??.??"]
[EventCountry "AZE"]
[SourceTitle "playchess.com"]
[Source "ChessBase"]
[WhiteTeam "Kuwait"]
[BlackTeam "Lesotho"]
[WhiteTeamCountry "KUW"]
[BlackTeamCountry "LES"]
[TimeControl "40/5400+30:1800+30"]

1. e4 {(00:00)} e5 {(00:00)} 2. Nf3 {(00:00)} Nc6 {
(00:00)} 3. Bc4 {(00:47)} Bc5 {(00:11)} 4. Nc3 {(
00:24)} Nf6 {(00:14)} 5. O-O {(01:42)} O-O {(00:09)} 6. d3
{(00:52)} h6 {(00:13)} 7. Be3 {(04:16)} Bb4 {(04:
55)} 8. a3 {(01:59)} Bxc3 {(04:17)} 9. bxc3 {(00:30)} a6 {
(03:53)} 10. Qd2 {(04:52)} d5 {(03:18)} 11. exd5 {(
09:03)} Nxd5 {(00:11)} 12. Bc5 {(00:31)} Re8 {(00:57)} 13.
Rae1 {(04:56)} b6 {(00:42)} 14. Bb4 {(00:28)} a5 {(
04:55)} 15. Bxa5 {(06:18)} Rxa5 {(00:22)} 16. Qc1 {(03:26]
} Bg4 {(03:54)} 17. d4 {(09:38)} Bxf3 {(01:04)} 18. gxf3 {
(02:15)} Nf4 {(00:23)} 19. dxe5 {(06:03)} Qg5+ {(
00:27)} 20. Kh1 {(00:35)} Qg2# {(00:09)} 0-1

[Event "42nd Olympiad Baku 2016 Women"]
[Site "Baku"]
[Date "2016.09.04"]
[Round "3.1"]
[White "Al-Rufaye, Iman Hasan Mohammed"]
[Black "Dimitrijevic, Aleksandra"]
[Result "1/2-1/2"]
[ECO "B07"]
[WhiteElo "2001"]
[BlackElo "2254"]
[Annotator ""]
[PlyCount "60"]
[EventDate "2016.??.??"]
[EventCountry "AZE"]
[SourceTitle "playchess.com"]
[Source "ChessBase"]
[WhiteTeam "Iraq"]
[BlackTeam "Bosnia  Herzegovina"]
[WhiteTeamCountry "IRQ"]
[BlackTeamCountry "BIH"]
[TimeControl "40/5400+30:1800+30"]

1. e4 {(00:00)} d6 {(00:00)} 2. d4 {(00:00)} Nf6 {(
00:00)} 3. Nc3 {(00:00)} c6 {(00:17)} 4. Nf3 {(00:28)} Bg4
{(00:09)} 5. Be2 {(00:48)} e6 {(01:01)} 6. O-O {(
01:17)} Be7 {(03:38)} 7. e5 {(07:02)} dxe5 {(01:51)} 8.
Nxe5 {(04:22)} Bxe2 {(00:31)} 9. Nxe2 {(00:25)} Nbd7 {
(00:20)} 10. Nf3 {(05:28)} Bd6 {(03:38)} 11. Bf4 {(
03:08)} Qc7 {(03:06)} 12. Bxd6 {(03:21)} Qxd6 {(00:07)}
13. Re1 {(02:48)} O-O {(06:39)} 14. c4 {(08:23)} Rfd8 {
(09:47)} 15. Qc2 {(04:26)} c5 {(02:54)} 16. Rad1 {(
01:17)} Rac8 {(02:19)} 17. b3 {(01:57)} a6 {(03:48)} 18.
Qb1 {(18:10)} h6 {(05:03)} 19. h3 {(04:18)} Qc7 {(
09:59)} 20. Rd2 {(02:13)} cxd4 {(01:27)} 21. Nexd4 {(04:
16)} Qf4 {(02:01)} 22. Ne2 {(04:05)} Qc7 {(00:58)} 23.
Red1 {(00:46)} Nc5 {(00:21)} 24. Nc3 {(00:19)} Rxd2 {
(00:26)} 25. Rxd2 {(00:31)} Rd8 {(00:08)} 26. Qd1 {
(01:00)} Rxd2 {(01:29)} 27. Qxd2 {(00:17)} Nfe4 {(
00:39)} 28. Nxe4 {(00:42)} Nxe4 {(00:06)} 29. Qd4 {(00:25]
} Qf4 {(00:43)} 30. Nd2 {(09:00)} Qxd2 {(03:07)} 1/2-1/2

[Event "42nd Olympiad Baku 2016 Women"]
[Site "Baku"]
[Date "2016.09.04"]
[Round "3.3"]
[White "Alymbay Kyzy, Aizhan"]
[Black "Beydullayeva, Govhar"]
[Result "0-1"]
[ECO "C05"]
[WhiteElo "1913"]
[BlackElo "1994"]
[Annotator ""]
[PlyCount "120"]
[EventDate "2016.??.??"]
[EventCountry "AZE"]
[SourceTitle "playchess.com"]
[Source "ChessBase"]
[WhiteTeam "Kyrgyzstan"]
[BlackTeam "Azerbaijan"]
[WhiteTeamCountry "KGZ"]
[BlackTeamCountry "AZE"]
[TimeControl "40/5400+30:1800+30"]

1. e4 {(00:00)} e6 {(00:00)} 2. d4 {(00:15)} d5 {(
00:00)} 3. Nd2 {(00:32)} Nf6 {(00:02)} 4. e5 {(00:54)}
Nfd7 {(00:15)} 5. f4 {(00:43)} c5 {(01:19)} 6. c3 {
(00:17)} Nc6 {(00:13)} 7. Ndf3 {(01:08)} Qb6 {(01:
39)} 8. g3 {(01:23)} cxd4 {(02:07)} 9. cxd4 {(00:07)} Bb4+
{(00:16)} 10. Kf2 {(00:39)} f6 {(06:40)} 11. Kg2 {(
00:27)} O-O {(01:08)} 12. Bd3 {(00:45)} Qd8 {(10:40)} 13.
Ne2 {(00:42)} f5 {(02:20)} 14. h4 {(02:19)} Nb6 {(
01:22)} 15. Bd2 {(08:14)} Bd7 {(03:41)} 16. Rc1 {(07:08)}
Be7 {(02:47)} 17. a3 {(04:33)} Rc8 {(01:48)} 18. Ng5 {
(03:09)} h6 {(12:51)} 19. Nf3 {(00:16)} h5 {(05:50]
} 20. Ng5 {(01:39)} a6 {(11:33)} 21. Ng1 {(09:22)} g6 {
(00:53)} 22. N1f3 {(07:34)} Kg7 {(01:44)} 23. Be2 {
(08:01)} Rh8 {(03:19)} 24. Bc3 {(06:37)} Na8 {(04:
02)} 25. Qd2 {(10:18)} b5 {(01:48)} 26. Ra1 {(07:29)} Qb6
{(04:50)} 27. Rhc1 {(02:17)} Qb7 {(01:19)} 28. Qd1 {
(01:37)} Nb6 {(01:31)} 29. b3 {(00:48)} Rc7 {(01:
58)} 30. a4 {(02:06)} bxa4 {(07:48)} 31. bxa4 {(00:07)}
Nb4 {(02:29)} 32. Bxb4 {(02:47)} Rxc1 {(01:11)} 33. Rxc1 {
(00:51)} Bxb4 {(00:03)} 34. Qb3 {(00:35)} a5 {(02:
00)} 35. Bb5 {(00:15)} Rc8 {(01:12)} 36. Rc2 {(00:35)} Kf8
{(01:23)} 37. Qd3 {(05:45)} Rxc2+ {(00:23)} 38. Qxc2 {
(00:04)} Ke7 {(00:13)} 39. Qd3 {(01:32)} Nxa4 {(01:
05)} 40. Bxd7 {(00:00)} Kxd7 {(00:00)} 41. Nh7 {(00:49)}
Qc6 {(03:40)} 42. Nf6+ {(00:12)} Kc7 {(05:07)} 43. Ng5 {
(00:30)} Nb2 {(07:35)} 44. Qb3 {(03:47)} Nc4 {(02:
22)} 45. Kh3 {(00:50)} Nd2 {(01:28)} 46. Qa2 {(08:34)} Ne4
{(05:35)} 47. Nxe6+ {(00:55)} Qxe6 {(00:12)} 48. Nxd5+ {
(00:05)} Kd7 {(00:30)} 49. Nxb4 {(00:08)} axb4 {(
00:05)} 50. d5 {(00:39)} Qb6 {(02:57)} 51. e6+ {(01:15)}
Ke7 {(01:40)} 52. Qa8 {(02:00)} Qb5 {(02:28)} 53. Qa7+ {
(00:20)} Kd6 {(00:15)} 54. Qa1 {(01:07)} Qxd5 {(00:
52)} 55. Qa6+ {(01:51)} Ke7 {(00:09)} 56. Qa7+ {(00:38)}
Kxe6 {(00:14)} 57. Qb6+ {(00:08)} Qd6 {(00:08)} 58. Qe3 {
(00:30)} Kf6 {(00:33)} 59. Qb3 {(01:00)} Qd2 {(00:
45)} 60. Qb1 {(00:30)} Nf2+ {(00:09)} 0-1